 Dungeon Crawl Stone Soup version 0.30-a0-4-ga7cffc901d (webtiles) character file.

Game seed: 13911451221122764451

32 Setbun the Trooper (level 3, -7/33 HPs)
             Began as a Hill Orc Fighter on Aug 20, 2022.
             Mangled by Robin
             ... wielding a +4 mace of protection
              (8 damage)
             ... on level 2 of the Dungeon.
             The game lasted 00:01:08 (743 turns).

Setbun the Trooper (Hill Orc Fighter)                Turns: 743, Time: 00:01:09

Health: -7/33      AC: 11    Str: 20    XL:     3   Next: 25%
Magic:  3/3        EV:  5    Int:  8    God:
Gold:   22         SH:  4    Dex: 10    Spells: 2/2 levels left

rFire   . . .      SeeInvis .    a - +0 war axe
rCold   . . .      Faith    .    c - +0 buckler
rNeg    . . .      Spirit   .    k - +0 plate armour
rPois   .          Reflect  .    (no helmet)
rElec   .          Harm     .    (no cloak)
rCorr   .          Rampage  .    (no gloves)
Will    .....                    (no boots)
Stlth   ..........               (no amulet)
HPRegen 0.11/turn                (no ring)
MPRegen 0.08/turn                (no ring)

@: no status effects
A: no striking features
a: no special abilities


You were on level 2 of the Dungeon.
You visited 1 branch of the dungeon, and saw 2 of its levels.

You collected 22 gold pieces.

Inventory:

Hand Weapons
 a - a +0 war axe (weapon)
Armour
 c - a +0 buckler (worn)
 k - a +0 plate armour (worn)
Scrolls
 b - a scroll of noise {unknown}
 e - 3 scrolls of butterflies {unknown}
 g - a scroll of enchant armour {unknown}
 h - a scroll of fear {unknown}
 j - a scroll of teleportation {unknown}
Potions
 d - a potion of might
 f - a potion of haste {unknown}
 i - a potion of flight {unknown}


   Skills:
 + Level 4.0 Fighting
 * Level 3.7 Axes
 + Level 3.6 Armour
 + Level 3.6 Shields


You had 2 spell levels left.
You didn't know any spells.
Your spell library was empty.

Dungeon Overview and Level Annotations

Branches:
Dungeon (2/15)

Altars:

Annotations:
D:2 Robin


Message History

Your experience leads to an increase in your attributes!
Increase (S)trength, (I)ntelligence, or (D)exterity?
You feel stronger. x2
The worm bites you.
Things that are here:
a +0 club; a +0 dagger; a goblin corpse You hit the worm.
The worm is lightly wounded.
Robin throws the goblin at you! The worm bites you.
You block the goblin's attack.
You slash the worm!
The worm is severely wounded.
You closely miss the goblin.
The goblin no longer looks unusually strong. x2
The goblin hits you with a +0 dagger. The worm bites you!
* * * LOW HITPOINT WARNING * * *
You barely miss the goblin. You barely miss the worm.
Robin roars a battlecry!
The goblins go into a battle-frenzy!
The goblin closely misses you.
You closely miss the goblin. You hit the worm.
You kill the worm!
The goblin hits you but does no damage. The goblin hits you with a +0 dagger.
* * * LOW HITPOINT WARNING * * *
The goblin hits you with a +0 club.
* * * LOW HITPOINT WARNING * * *
You hit the goblin.
The goblin is moderately wounded.
You closely miss the goblin.
The goblin hits you but does no damage. x2
You slash the goblin!
You kill the goblin!
You hit the goblin.
You kill the goblin!
Your Fighting skill increases to level 4!
Items here: )))) ††.
You hit Robin but do no damage. Robin closely misses you.
You block Robin's attack.
You hit Robin but do no damage.
Robin hits you with a +4 mace of protection!
You die...

## ####### .. .#.....# #.
#.#.###.###### ##.
#.#<..........
.#$##..####+#.#.##.#######
.......)g@)...#.##.#
.##....##.....#.##.# +.>..
#.....#+##.# #...$
#........#.##### #....
#........#.#...# #...g.
#....[...#.#.#.# #..gg.
#####'#..).#.#.# ....gg
#.#..###.#.# #.#......#.#


You could see Robin.

Vanquished Creatures
  A worm (D:2)
  A dart slug (D:2)
  3 ball pythons (D:1)
  A bat (D:1)
  A frilled lizard (D:1)
  13 goblins
  2 kobolds
  3 rats (D:1)
25 creatures vanquished.

Notes
Turn   | Place    | Note
-------+----------+-------------------------------------------
     0 | D:1      | Setbun the Hill Orc Fighter began the quest for the Orb.
     0 | D:1      | Reached XP level 1. HP: 19/19 MP: 1/1
    77 | D:1      | Found a faded altar of an unknown god.
   307 | D:1      | Reached XP level 2. HP: 27/27 MP: 2/2
   716 | D:2      | Noticed Robin
   734 | D:2      | Reached XP level 3. HP: 24/33 MP: 3/3
   738 | D:2      | HP: 1/33 [goblin/+0 club[Robin] (2)]
   741 | D:2      | Reached skill level 4 in Fighting
   743 | D:2      | Mangled by Robin

Illustrated notes

Levels and vault maps discovered:
D:1:      amcnicky_arrival_underground_garden, layout_rooms,
          shapermc_ecumenical_altar_pompeii, serial_bayou_pond_c
D:2:      layout_basic, uniq_terence, uniq_robin

Skill      XL: |  1  2  3 |
---------------+----------+-----
Axes           | 3 |  3.7
Fighting       | 4 |  4.0
Armour         | |  3.6
Shields        | |  3.6

Action                   || total
-------------------------++-------
Melee: War axe           ||    49
Armor: Scale mail        ||    10
       Plate armour      ||    16
Dodge: Dodged            ||    14
Block: Buckler           ||    19

Table legend: (Time is in decaauts)
 A = Elapsed time spent in this place.
 B = Non-inter-level travel time spent in this place.
 C = Inter-level travel time spent in this place.
 D = Time resting spent in this place.
 E = Time spent auto-exploring this place.
 F = Levels seen in this place.
 G = Mean time per level.
                   A        B        C        D        E       F      G
               +--------+--------+--------+--------+--------+-----+--------+
         Total |    768 |    747 |     21 |      0 |    601 |   2 |  384.0 |
       Dungeon |    768 |    747 |     21 |      0 |    601 |   2 |  384.0 |
               +--------+--------+--------+--------+--------+-----+--------+

Top non-repeatable levels by time:
     D:1: 658 daAuts
     D:2: 110 daAuts
